 Dungeon Crawl Stone Soup version 0.23.1 (webtiles) character file.

Game seed: 5890183264108829909

88 Borgoz the Sneak (level 4, -4/34 HPs)
             Began as a Ghoul Enchanter on Mar 14, 2019.
             Slain by Grinder (8 damage)
             ... on level 4 of the Dungeon.
             The game lasted 00:05:27 (3227 turns).

Borgoz the Sneak (Ghoul Enchanter)                  Turns: 3227, Time: 00:05:28

Health: -4/34      AC:  4    Str: 11    XL:     4   Next: 53%
Magic:  6/6        EV: 17    Int: 10    God:
Gold:   163        SH:  0    Dex: 15    Spells: 4/7 levels left

rFire    . . .     SeeInvis .   i - +1 dagger (venom)
rCold    + . .     Gourm    .   (no shield)
rNeg     + + +     Faith    .   n - +0 leather armour
rPois    ∞         Spirit   .   m - +0 helmet (curse)
rElec    .         Reflect  .   (no cloak)
rCorr    .         Harm     .   (no gloves)
MR       .....                  (no boots)
Stlth    +++.......             (no amulet)
HPRegen  0.00/turn              (no ring)
MPRegen  0.10/turn              (no ring)

@: agile, rotting
A: rotting body, claws 1, carnivore, cold resistance 1, negative energy
resistance 3, inhibited regeneration, torment resistance, unbreathing
a: no special abilities


You were on level 4 of the Dungeon.
You were not hungry.

You visited 1 branch of the dungeon, and saw 4 of its levels.

You collected 163 gold pieces.

Inventory:

Hand Weapons
 i - a +1 dagger of venom (weapon)
 j - a +1 dagger of speed
 k - a +7 spear of venom
 o - a +0 rapier
Missiles
 l - 15 javelins (quivered)
Armour
 m - a cursed +0 helmet (worn)
 n - a +0 leather armour (worn)
Jewellery
 p - a cursed ring of teleportation {unknown}
Scrolls
 a - a scroll of magic mapping {unknown}
 b - a scroll of immolation {unknown}
 c - a scroll of teleportation {unknown}
 e - a scroll of fear
 f - 3 scrolls of remove curse {unknown}
 g - 3 scrolls of identify {unknown}
 q - 2 scrolls of amnesia {unknown}
Potions
 h - a potion of agility
Comestibles
 d - 5 rations


   Skills:
 + Level 0.9 Fighting
 * Level 1.5 Short Blades
 * Level 1.2 Armour
 * Level 2.5 Dodging
 + Level 3.6 Stealth
 + Level 2.0 Spellcasting
 * Level 2.8 Hexes


You had 4 spell levels left.
You knew the following spells:

 Your Spells              Type           Power        Failure   Level  Hunger
a - Corona                Hex            #......      13%         1    ##.....
b - Ensorcelled Hibernat  Hex/Ice        #.....       34%         2    ###....

Your spell library contained the following spells:

 Spells                   Type           Power        Failure   Level  Hunger
 Confuse                  Hex            #.......     36%         3    ####...
 Tukima's Dance           Hex            #.......     36%         3    ####...
 Dazzling Spray           Conj/Hex       #.....       56%         3    ####...


Dungeon Overview and Level Annotations

Branches:
Dungeon (4/15)
 Temple: D:4-7

Altars:
Vehumet

Annotations:
D:4 Grinder


Innate Abilities, Weirdness & Mutations

Your body is rotting away.
You thrive on raw meat.
You are immune to poison.
You have sharp fingernails.
You are carnivorous and can eat meat at any time.
Your flesh is cold resistant. (rC+)
You are immune to negative energy. (rN+++)
You do not regenerate when monsters are visible.
You are immune to unholy pain and torment.
You can survive without breathing.


Message History

Grinder gestures at you.
You shrug off the repeated paralysis!
You can move again.
Grinder says, "Don't move a muscle."
There is a stone staircase leading up here.
You hit Grinder.
Grinder is lightly wounded.
Grinder zaps a wand.
The puff of flame misses you.
You hit Grinder.
Grinder is lightly wounded.
Grinder completely misses you.
You hit Grinder.
Grinder is moderately wounded.
Grinder completely misses you.
You hit Grinder.
Grinder is moderately wounded.
Grinder zaps a wand.
The puff of flame misses you.
As you read the scroll of fear, it crumbles to dust.
You assume a fearsome visage.
Grinder is unaffected.
Grinder hits you!
You die...

####### #......
######## #.....#
#......# #.#.#.#
#......# #.#.#.###
#......###'#.#>..
#......#.....#.#######
#....@5...............
#......#....##.#######
########....##.# #
#######.#######
#........ #........
#........ #........
.........


You could see Grinder.

Vanquished Creatures
  Robin (D:2)
  An ooze (D:3)
  3 dart slugs
  A leopard gecko (D:4)
  An orc (D:3)
  3 bats
  3 giant cockroaches
  10 hobgoblins
  3 jackals (D:1)
  2 quokkas
  5 frilled lizards
  16 goblins
  7 kobolds
  A quokka skeleton (D:3)
  A rat (D:1)
58 creatures vanquished.

Notes
Turn   | Place    | Note
-------+----------+-------------------------------------------
     0 | D:1      | Borgoz the Ghoul Enchanter began the quest for the Orb.
     0 | D:1      | Reached XP level 1. HP: 14/14 MP: 2/2
   285 | D:1      | Reached skill level 1 in Short Blades
   285 | D:1      | Reached XP level 2. HP: 12/20 MP: 3/3
   619 | D:1      | Learned a level 2 spell: Ensorcelled Hibernation
  1500 | D:2      | Reached XP level 3. HP: 22/26 MP: 1/4
  1650 | D:2      | Noticed Robin
  1671 | D:2      | Reached skill level 1 in Armour
  1846 | D:3      | Reached XP level 4. HP: 34/34 MP: 5/5
  1911 | D:3      | Found a radiant altar of Vehumet.
  2191 | D:2      | Killed Robin
  3070 | D:4      | Noticed Grinder
  3197 | D:4      | Paralysed by Grinder for 6 turns
  3216 | D:4      | Paralysed by Grinder for 5 turns
  3227 | D:4      | Slain by Grinder

Skill      XL: |  1  2  3  4 |
---------------+-------------+-----
Short Blades   | 1 |  1.5
Dodging        | 2 |  2.5
Armour         | 1 |  1.2
Spellcasting   | 2 |  2.0
Fighting       | |  0.9
Stealth        | |  3.6
Hexes          | |  2.8

Action                   |  1- 3 |  4- 6 || total
-------------------------+-------+-------++-------
Melee: Short sword       |    96 |       ||    96
       Dagger            |    64 |    63 ||   127
 Cast: Corona            |     4 |     2 ||     6
       Ensorcelled Hiber |     4 |       ||     4
  Use: Potion            |     1 |     4 ||     5
       Scroll            |     2 |     1 ||     3
 Stab: Sleeping          |     6 |     1 ||     7
  Eat: Chunk             |    12 |     5 ||    17
Armor: Robe              |    33 |     3 ||    36
       Leather armour    |       |     6 ||     6
Dodge: Dodged            |    91 |    45 ||   136
